 Dungeon Crawl Stone Soup version 0.23.1 (webtiles) character file.

Game seed: 0

20775 Fang the Fighter (level 12, -17/81 HPs)
             Began as a Gargoyle Berserker on Mar 4, 2019.
             Was a High Priest of Trog.
             Killed from afar by Fannar (35 damage)
             ... with a bolt of cold
             ... on level 2 of the Lair of Beasts on Mar 5, 2019.
             The game lasted 00:22:07 (13677 turns).

Fang the Fighter (Gargoyle Berserker)              Turns: 13677, Time: 00:22:08

Health: -17/81     AC: 28    Str: 27    XL:     12   Next: 83%
Magic:  12/12      EV: 11    Int:  7    God:    Trog [*****.]
Gold:   245        SH:  2    Dex:  9    Spells: 11/11 levels left

rFire    + . .     SeeInvis .   N - +1 scimitar (flame)
rCold    . . .     Gourm    .   (no shield)
rNeg     + . .     Faith    .   J - +3 plate armour {rF+}
rPois    ∞         Spirit   .   L - +0 helmet
rElec    +         Reflect  +   (no cloak)
rCorr    .         Harm     .   (no gloves)
MR       .....                  (no boots)
Stlth    ..........             k - +2 amulet of reflection
HPRegen  0.23/turn              j - ring of flight
MPRegen  0.13/turn              h - ring of stealth

@: berserk cooldown, slowed, very slow
A: negative energy resistance 1, electricity resistance, unbreathing,
petrification resistance, rot immunity, AC +8
a: Berserk, Trog's Hand, Brothers in Arms, Renounce Religion, Evoke Flight


You were on level 2 of the Lair of Beasts.
You worshipped Trog.
Trog was extremely pleased with you.
You were very hungry.

You visited 3 branches of the dungeon, and saw 14 of its levels.

You collected 876 gold pieces.
You spent 631 gold pieces at shops.

Inventory:

Hand Weapons
 C - the +1 battleaxe of Embarrassment {elec, Dex+3}
   (Trog gifted it to you on level 10 of the Dungeon)

   Occasionally, upon striking a foe, it will discharge some electrical energy
   and cause terrible harm.
   It affects your dexterity (+3).
 F - a +1 war axe
 H - a +2 executioner's axe
 N - a +1 scimitar of flaming (weapon)
Armour
 v - +0 acid dragon scales
 J - a +3 plate armour of fire resistance (worn)
 L - a +0 helmet (worn)
Jewellery
 h - a ring of stealth (right hand)
 j - a ring of flight (left hand)
 k - a +2 amulet of reflection (around neck)
 q - an uncursed ring of positive energy
 r - an uncursed ring of fire
 K - an uncursed ring of protection from magic {unknown}
Wands
 a - a wand of enslavement (13)
 n - a wand of random effects (64)
 o - a wand of paralysis (10)
 p - a wand of polymorph (18)
 t - a wand of disintegration (10)
 y - a wand of scattershot (5)
Scrolls
 e - 5 scrolls of fear
 f - 4 scrolls of teleportation
 g - 3 scrolls of fog
 l - 6 scrolls of remove curse
 m - a scroll of blinking
 u - 6 scrolls of identify
 M - 2 scrolls of holy word
Potions
 b - a potion of heal wounds
 d - a potion of haste
 i - a potion of might
 s - 2 potions of resistance
 w - a potion of magic
 x - a potion of berserk rage
 z - a potion of flight
 A - 3 potions of invisibility
 D - a potion of brilliance
 E - 2 potions of mutation
 G - 2 potions of curing
 I - 2 potions of agility
Comestibles
 c - 21 rations
 B - 37 chunks of flesh


   Skills:
 + Level 11.9 Fighting
 + Level 10.1 Axes
 + Level 11.5 Armour
 + Level 9.1 Dodging


You had 11 spell levels left.
You didn't know any spells.
Your spell library was empty.

Dungeon Overview and Level Annotations

Branches:
Dungeon (11/15)            Temple (1/1) D:5            Lair (2/6) D:10
  Swamp (0/4) Lair:2
  Snake: Lair:2-4    Spider: Lair:2-4       Orc: D:9-12

Altars:
Cheibriados
Elyvilon
Fedhas
Kikubaaqudgha
Makhleb
Nemelex Xobeh
Okawaru
Ru
Sif Muna
Trog
Xom
Zin

Shops:
D:8 (   D:10 [?   D:11 [

Annotations:
D:7 2 transporters, razor4143's ghost, novice HOFi
Lair:1 exclusion: 3 oklob plants
Lair:2 Fannar


Innate Abilities, Weirdness & Mutations

You are resistant to torment.
Your stone body is resilient. (AC +8)
You are immune to poison.
You resist negative energy. (rN+)
You are resistant to electric shocks. (rElec)
You can survive without breathing.
You are immune to petrification.
You are immune to rotting.


Message History

You melt the ice beast.
The ice beast is heavily wounded.
Fannar hits you but does no damage. You block the ice beast's attack.
The ice beast hits you but does no damage.
Fannar closely misses you.
The ice beast hits you but does no damage.
The ice beast closely misses you.
You riposte.
You slash the ice beast!
You melt the ice beast.
The ice beast is almost dead.
You closely miss Fannar.
Fannar is moderately wounded.
Fannar hits you but does no damage. The ice beast hits you.
The ice beast freezes you!
* * * LOW HITPOINT WARNING * * *
The ice beast barely misses you.
You riposte.
You hit the ice beast but do no damage.
The ice beast is almost dead.
Fannar gestures at you while chanting. The bolt of cold hits you!!
You die...

##### ### ##
##.#.########P###.#####§
..................§§§§§§
...............Y..§§§§.§
......<........Y@§§§.§.§
...............e.§^§....
........................
........................
........................
####..#####.#.####.####P
##### ##


You could see Fannar and 2 ice beasts.

Vanquished Creatures
  Erica (Lair:1)
  A centaur warrior (D:9)
  A two-headed ogre (D:8)
  Urug (D:10)
  Pikel (D:5)
  A deep elf mage (D:9)
  A cyclops (D:11)
  A black mamba (Lair:1)
  A torpor snail (Lair:2)
  2 spiny frogs (Lair:2)
  A kobold demonologist (D:11)
  4 komodo dragons
  A troll (D:11)
  6 blink frogs (Lair:1)
  4 hippogriffs
  A vampire (D:11)
  26 yaks
  4 hogs (D:9)
  A human (D:9)
  2 hungry ghosts
  Menkaure (D:5)
  An acid dragon (D:11)
  5 porcupines
  A water moccasin (Lair:1)
  3 sky beasts (D:7)
  A swamp drake (Lair:2)
  A hornet zombie (D:11)
  3 orc warriors
  A black bear (D:8)
  4 ice beasts
  5 ogres
  3 phantoms
  11 wolves
  6 centaurs
  4 crocodiles
  A big kobold (D:7)
  4 bullfrogs
  A wyvern zombie (D:10)
  A wyvern skeleton (D:11)
  2 scorpions
  6 killer bees (D:10)
  5 howler monkeys
  5 crimson imps
  A centaur zombie (D:9)
  A bullfrog zombie (D:6)
  4 hounds
  A jelly (D:11)
  10 orc priests
  Crazy Yiuf (D:7)
  2 bullfrog skeletons
  5 orc wizards
  Jessica (D:3)
  A centaur skeleton (D:8)
  11 iguanas
  3 worker ants
  A hound zombie (D:5)
  A hound skeleton (D:4)
  A howler monkey zombie (D:9)
  A worker ant zombie (D:10)
  4 gnolls (D:5)
  10 adders
  4 shadow imps
  4 oozes
  2 adder zombies
  A worm (D:2)
  4 dart slugs
  3 leopard geckos
  27 orcs
  7 giant cockroaches
  3 goblins
  8 hobgoblins
  18 jackals
  6 kobolds
  4 quokkas
  7 bats
  A frilled lizard (D:2)
  A jackal skeleton (D:7)
  2 leopard gecko skeletons
  7 rats
  A plant (Lair:1)
305 creatures vanquished.

Vanquished Creatures (collateral kills)
  A hydra (Lair:1)
  2 blink frogs (Lair:1)
  A water moccasin (Lair:1)
4 creatures vanquished.

Vanquished Creatures (others)
  An ogre (D:7)
  2 hounds (D:7)
  An adder (D:7)
  A fungus (Lair:1)
5 creatures vanquished.

Grand Total: 314 creatures vanquished

Notes
Turn   | Place    | Note
-------+----------+-------------------------------------------
     0 | D:1      | Fang the Gargoyle Berserker began the quest for the Orb.
     0 | D:1      | Reached XP level 1. HP: 14/14 MP: 1/1
    24 | D:1      | Reached XP level 2. HP: 14/19 MP: 2/2
   287 | D:1      | Reached XP level 3. HP: 23/23 MP: 3/3
   757 | D:2      | Reached ** piety under Trog
   885 | D:2      | Found an ancient bone altar of Kikubaaqudgha.
   917 | D:2      | Reached XP level 4. HP: 23/29 MP: 4/4
  1113 | D:2      | Reached XP level 5. HP: 30/33 MP: 5/5
  1245 | D:2      | Found a sparkling altar of Nemelex Xobeh.
  1479 | D:3      | Noticed Jessica
  1509 | D:3      | Killed Jessica
  1546 | D:3      | Found a glowing silver altar of Zin.
  1774 | D:3      | Reached XP level 6. HP: 22/39 MP: 6/6
  1896 | D:3      | Reached *** piety under Trog
  2275 | D:4      | Found a sacrificial altar of Ru.
  2818 | D:4      | Found a snail-covered altar of Cheibriados.
  3142 | D:5      | Entered Level 5 of the Dungeon
  3177 | D:5      | Reached skill level 5 in Fighting
  3239 | D:5      | Noticed Menkaure
  3249 | D:5      | Killed Menkaure
  3249 | D:5      | Reached XP level 7. HP: 21/44 MP: 7/7
  3699 | D:5      | Found a staircase to the Ecumenical Temple.
  3955 | D:5      | Reached skill level 5 in Armour
  4135 | D:5      | Found a blossoming altar of Fedhas.
  4150 | D:5      | Found the +3 robe of Folly {Archmagi, MR-- Int+5}
  4389 | D:5      | Noticed Pikel
  4398 | D:5      | Killed Pikel
  4398 | D:5      | Reached skill level 5 in Axes
  4398 | D:5      | Reached XP level 8. HP: 51/51 MP: 8/8
  4454 | Temple   | Entered the Ecumenical Temple
  5385 | D:7      | Found a transporter.
  5392 | D:7      | Found a bloodstained altar of Trog.
  5392 | D:7      | Noticed razor4143's ghost (novice HOFi)
  5392 | D:7      | Identified the +12 great mace of Umobb {drain, *Drain rC+
                  | Str+3 Dex+4}
  5392 | D:7      | Identified the +3 great mace of the Endless March {elec,
                  | +Fly rC+ rN++ Str-2}
  5392 | D:7      | Noticed a two-headed ogre
  5398 | D:7      | Found a shimmering altar of Xom.
  5399 | D:7      | Reached **** piety under Trog
  5418 | D:7      | Reached XP level 9. HP: 41/56 MP: 9/9
  5481 | D:7      | Reached skill level 5 in Dodging
  5936 | D:7      | Noticed a moth of wrath
  5943 | D:7      | Found a transporter.
  6029 | D:7      | Received a gift from Trog
  6478 | D:7      | Found a runed translucent door.
  6479 | D:7      | Noticed Crazy Yiuf
  6491 | D:7      | Killed Crazy Yiuf
  6668 | D:8      | Noticed a two-headed ogre
  6681 | D:8      | Killed a two-headed ogre
  6889 | D:8      | Reached XP level 10. HP: 33/64 MP: 10/10
  7212 | D:8      | Found Iphutt's Weapon Boutique.
  7220 | D:8      | Bought a +0 executioner's axe for 120 gold pieces
  8540 | D:9      | Reached ***** piety under Trog
  8728 | D:9      | Found a burning altar of Makhleb.
  8728 | D:9      | Noticed a centaur warrior
  8740 | D:9      | Killed a centaur warrior
  8836 | D:9      | Found an iron altar of Okawaru.
  8837 | D:9      | Noticed a deep elf mage
  8855 | D:9      | Killed a deep elf mage
  8855 | D:9      | Reached XP level 11. HP: 54/72 MP: 11/11
  9122 | D:10     | Entered Level 10 of the Dungeon
  9220 | D:10     | Found an iron altar of Okawaru.
  9275 | D:10     | Found Wadghuol's Antique Armour Boutique.
  9323 | D:10     | Noticed Urug
  9336 | D:10     | Killed Urug
  9352 | D:10     | Reached skill level 10 in Fighting
  9707 | D:10     | Found a staircase to the Lair.
  9778 | D:10     | Received a gift from Trog
  9781 | D:10     | Got a polished battleaxe {god gift}
  9782 | D:10     | Identified the +1 battleaxe of Embarrassment {elec, Dex+3}
                  | (Trog gifted it to you on level 10 of the Dungeon)
  9822 | D:10     | Found Teqeseah's Magic Scroll Shoppe.
  9830 | D:10     | Bought a scroll of identify for 28 gold pieces
  9830 | D:10     | Bought a scroll of enchant weapon for 105 gold pieces
  9830 | D:10     | Bought a scroll of identify for 28 gold pieces
  9996 | D:11     | Found Sewamokh's Armour Shop.
 10042 | D:11     | Bought a +1 plate armour of fire resistance for 350 gold
                  | pieces
 10666 | D:11     | Noticed a cyclops
 10675 | D:11     | Killed a cyclops
 10675 | D:11     | Reached skill level 10 in Armour
 11317 | Lair:1   | Entered Level 1 of the Lair of Beasts
 11720 | Lair:1   | Reached XP level 12. HP: 79/79 MP: 12/12
 11841 | Lair:1   | Noticed Erica
 11849 | Lair:1   | Killed Erica
 12055 | Lair:1   | Noticed an eight-headed hydra
 12079 | Lair:1   | Killed a 12-headed hydra
 13541 | Lair:2   | Reached skill level 10 in Axes
 13646 | Lair:2   | Noticed Fannar
 13647 | Lair:2   | Found a staircase to the Swamp.
 13677 | Lair:2   | Killed from afar by Fannar

Skill      XL: |  1  2  3  4  5  6  7  8  9 10 11 12 |
---------------+-------------------------------------+-----
Axes           | 3 4 5 6 8 9 10 | 10.1
Dodging        | 2 3 4 5 7 8 9 |  9.1
Fighting       | 4 5 6 8 9 10 11 | 11.9
Armour         | 3 4 5 6 7 9 10 11 | 11.5

Action                   |  1- 3 |  4- 6 |  7- 9 | 10-12 || total
-------------------------+-------+-------+-------+-------++-------
Melee: Hand axe          |    82 |   247 |   374 |       ||   703
       War axe           |       |       |    37 |   274 ||   311
       Executioner's axe |       |       |       |    54 ||    54
       Battleaxe         |       |       |       |   292 ||   292
       Scimitar          |       |       |       |    10 ||    10
Invok: Berserk           |       |     1 |     7 |     9 ||    17
       Brothers in Arms  |       |       |       |     2 ||     2
  Use: Scroll            |       |       |       |    35 ||    35
       Potion            |       |       |       |     1 ||     1
 Stab: Confused          |       |       |     4 |     2 ||     6
  Eat: Chunk             |       |     8 |    15 |    30 ||    53
       Ration            |       |       |     1 |     2 ||     3
Armor: Animal skin       |    37 |    35 |       |       ||    72
       Ring mail         |       |    48 |       |       ||    48
       Chain mail        |       |    47 |   118 |       ||   165
       Plate armour      |       |       |   177 |   638 ||   815
       Acid dragon scale |       |       |       |     5 ||     5
Dodge: Dodged            |    61 |   161 |   194 |   442 ||   858
Block: Other             |       |    12 |    19 |    62 ||    93
       Reflection        |       |       |       |     1 ||     1
       Rpst.: Scimitar   |       |       |       |     9 ||     9
